AoeStats
← Luid2026

Hideout

510156936Analyzed
1v1 RM · 1d ago on Sep 29, 2026· 33m 46s· 2 players
Game mode
Random Map
Map size
Tiny (2 player)
Population
200
Speed
Normal
Resources
Standard
Victory
Conquest
Starting age
Dark Age
Ending age
Imperial Age
RankedLock teamsTeams togetherTeam positionsShared explorationLock speedFull tech treeHidden civsTurbo modeCheats
Victory
Defeat
🇦🇷 Tupi · Argentina
649
+17
🇪🇨 Ethiopians · Ecuador
662
-17
chacotorres1990
11:53 Feudal Age
19:15 Castle Age
18:09 Wheelbarrow
17:20 Loom
17:49 Fletching
19:39 Padded Archer Armor
21:34 Crossbowman
21:36 Elite Skirmisher
24:57 Double-Bit Axe
Luid2026
3:26 Loom
10:25 Feudal Age
13:22 Arson
15:24 Double-Bit Axe
16:00 Horse Collar
16:08 Man-at-Arms
17:17 Gold Mining
17:31 Padded Archer Armor
18:43 Fletching
20:12 Scale Mail Armor
26:06 Castle Age
26:09 Forging
26:50 Elite Skirmisher
28:22 Crossbowman
Connection lost

Rejoining the realm…

Still unreachable

The connection could not be restored.

Session expired

The server has moved on; the page needs a fresh start.